 Seeded DCSS version 0.30.0-13-g156ef70053 (webtiles) character file.

Game seed: 6862222631304461848 (custom seed)

123 Pimp the Shooter (level 4, -3/35 HPs)
             Began as a Demonspawn Hunter on May 17, 2023.
             Slain by Sigmund
             ... wielding a +2 scythe of flaming
              (4 damage)
             ... on level 3 of the Dungeon.
             The game lasted 00:03:14 (1585 turns).

Pimp the Shooter (Demonspawn Hunter)                Turns: 1585, Time: 00:03:15

Health: -3/35      AC:  5    Str: 11    XL:     4   Next: 80%
Magic:  4/4        EV: 13    Int: 12    God:
Gold:   36         SH:  0    Dex: 23    Spells: 3/3 levels left

rFire   . . .        a - +1 shortbow
rCold   . . .        (shield currently unavailable)
rNeg    . . .        c - +0 leather armour
rPois   .            (no helmet)
rElec   .            (no cloak)
rCorr   .            (no gloves)
SInv    .            (no boots)
Will    .....        (no amulet)
Stlth   ++           f - +6 ring of dexterity
HPRegen 0.25/turn    (no ring)
MPRegen 0.09/turn

%: no passive effects
@: mighty, flying
A: hooves 1, yellow scales 1, demonic guardian 1
a: no special abilities


You were on level 3 of the Dungeon.
You visited 1 branch of the dungeon, and saw 3 of its levels.

You collected 36 gold pieces.

Inventory:

Hand Weapons
 a - a +1 shortbow (weapon)
Armour
 c - a +0 leather armour (worn)
Jewellery
 f - a +6 ring of dexterity (left hand)
Scrolls
 b - a scroll of immolation
Potions
 d - a potion of invisibility {unknown}
 i - a potion of flight
 j - a potion of mutation
 l - a potion of degeneration {unknown}


   Skills:
 + Level 3.1 Fighting
 + Level 4.2 Ranged Weapons
 + Level 2.7 Dodging
 + Level 2.3 Stealth


You had 3 spell levels left.
You didn't know any spells.
Your spell library contained the following spells:

 Spells                   Type           Power      Damage    Failure   Level
 Cause Fear               Hex            0%         N/A       99%         4
 Dragon Form              Tmut           0%         N/A       100%        7
 Dragon's Call            Summ           0%         N/A       100%        9


Dungeon Overview and Level Annotations

Branches:
Dungeon (3/15)

Altars:

Annotations:
D:3 Jessica, Sigmund


Innate Abilities, Weirdness & Mutations

You have large cloven feet.
You are partially covered in yellow scales. (AC +2)
A weak demonic guardian rushes to your aid.


Message History

Jessica hits you with a +0 club.
Found a scroll labelled SOJASU TINU YLLE and 11 gold pieces.
Jessica shouts, "Stop bothering me, or I'll kill you!"
Jessica gestures at you while chanting. You resist with some effort.
Jessica attacks as you move away! Jessica hits you with a +0 club.
Found 2 scrolls of teleportation.
The adder attacks as you move away! The adder bites you but does no damage.
Jessica attacks as you move away! Jessica hits you with a +0 club.
* * * LOW HITPOINT WARNING * * *
Jessica misses you. The adder bites you.
* * * LOW HITPOINT WARNING * * *
You shoot an arrow. The arrow closely misses the adder.
Jessica closely misses you. The adder closely misses you.
Jessica completely misses you. The adder bites you but does no damage.
You shoot an arrow. The arrow hits the adder.
The adder is severely wounded.
Jessica hits you with a +0 club.
* * * LOW HITPOINT WARNING * * *
The adder closely misses you. Jessica gestures at you while chanting.
Pain shoots through your body!
* * * LOW HITPOINT WARNING * * *
It was a potion of flight.
You feel very buoyant.
You fly up into the air.
Sigmund appears from thin air!
Reactivating autopickup.
The adder closely misses you. Jessica hits you with a +0 club.
* * * LOW HITPOINT WARNING * * *
Sigmund casts a spell.
Sigmund flickers and vanishes!
Deactivating autopickup; reactivate with Ctrl-A.
The adder closely misses you.
It was a potion of might.
You feel very mighty all of a sudden. Jessica casts a spell at you.
Pain shoots through your body!
* * * LOW HITPOINT WARNING * * *
Something hits you.
You die...

####.###...........#....$.
#[#...########.......##
*...##* ###.......#
**...#######......##.#*
#,#.......)#.....#*,.*
**###.####...#...#...#****
*,.............#.....#
*,.......@S#.#...#...#
*,.?.....@.#...#.....#
*,.........#.........#
*,.........#.........#
*,..?......#........#*
*,.........#.......,*
*,....$....#.......,*
*,.........#,,,,,,,,*
*,.........#,,,,,,,,*
*********************


You could see an adder and Jessica (fast).

Vanquished Creatures
  8 adders
  3 dart slugs
  6 ball pythons (D:2)
  A bat (D:1)
  5 endoplasms
  2 giant cockroaches
  4 goblins (D:3)
  3 hobgoblins
  A quokka (D:1)
  4 frilled lizards
  5 kobolds
  6 rats
48 creatures vanquished.

Vanquished Creatures (collateral kills)
  A hobgoblin (D:3)
1 creature vanquished.

Grand Total: 49 creatures vanquished

Notes
Turn   | Place    | Note
-------+----------+-------------------------------------------
     0 | D:1      | Pimp the Demonspawn Hunter began the quest for the Orb.
     0 | D:1      | Reached XP level 1. HP: 16/16 MP: 1/1
   104 | D:1      | Reached skill level 1 in Stealth
   168 | D:1      | Gained mutation: You are partially covered in yellow
                  | scales. (AC +2) [demonic ancestry]
   168 | D:1      | Reached XP level 2. HP: 17/22 MP: 2/2
   186 | D:1      | You fall into a shaft and drop 1 floor!
   424 | D:2      | Gained mutation: You have large cloven feet. [demonic
                  | ancestry]
   424 | D:2      | Reached XP level 3. HP: 28/28 MP: 3/3
   811 | D:2      | Reached skill level 4 in Ranged Weapons
   837 | D:2      | Gained mutation: A weak demonic guardian rushes to your
                  | aid. [demonic ancestry]
   837 | D:2      | Reached XP level 4. HP: 24/34 MP: 4/4
  1541 | D:3      | Noticed Sigmund
  1569 | D:3      | Noticed Jessica
  1584 | D:3      | HP: 1/35 [Jessica/+0 club (1)]
  1585 | D:3      | Slain by Sigmund

Illustrated notes

Levels and vault maps discovered:
D:1:      minmay_arrival_pointy, layout_loops_cross, nicolae_titane
D:2:      layout_basic, nicolae_kite_square_tiling_tiny, minmay_snake_closets
D:3:      layout_rooms, st_stairs_11, hex_tiny, hangedman_decor_points,
          minmay_misc_feat_pillars, kennysheep_generic_room_10, uniq_jessica,
          uniq_sigmund

Skill      XL: |  1  2  3  4 |
---------------+-------------+-----
Stealth        | 1 2 |  2.3
Dodging        | 2 |  2.7
Ranged Weapons | 4 |  4.2
Fighting       | 3 |  3.1

Action                     |  1- 3 |  4- 6 || total
---------------------------+-------+-------++-------
   Fire: Shortbow          |   105 |    71 ||   176
    Use: Scroll            |       |     7 ||     7
         Potion            |       |     3 ||     3
 Armour: Leather armour    |    20 |    17 ||    37
  Dodge: Dodged            |    43 |    46 ||    89
